Workbook

Sheet Premissas
A1: Estudo de Viabilidade Econômica
A2: Preencha as células amarelas para atualizar automaticamente as projeções, indicadores e gráficos.
A3: Premissas do projeto | E3: Tabela auxiliar de categorias
A4: Nome do projeto | B4: Café Planejado | E4: Código | F4: Categoria | G4: Tipo
A5: Responsável | B5: Mariana Oliveira | E5: INV | F5: Investimento inicial | G5: Inicial
A6: Cidade/UF | B6: São Paulo/SP | E6: FIX | F6: Custo fixo | G6: Mensal
A7: Data de início | B7: 46023 | E7: VAR | F7: Custo variável | G7: Variável
A8: Investimento inicial informado | B8: 66800 | E8: REC | F8: Receita | G8: Entrada
A9: Capital de giro | B9: 15000
A10: Preço médio de venda | B10: 65
A11: Vendas estimadas no primeiro mês | B11: 300
A12: Crescimento mensal das vendas | B12: 0.063
A13: Custo variável por unidade | B13: 18
A14: Custos fixos mensais | B14: 8000
A15: Taxa mínima de atratividade ao mês | B15: 0.015
A16: Alíquota estimada de impostos | B16: 0.05
A17: Prazo de análise em meses | B17: 10

Sheet Investimentos
A1: Planejamento de Investimentos Iniciais
A2: Código | B2: Item | C2: Categoria | D2: Fornecedor | E2: Cidade | F2: Quantidade | G2: Valor unitário | H2: Valor total | I2: Data prevista | J2: Status | K2: Observações | L2: Percentual do total | M2: Tipo
A3: INV | B3: Equipamentos de cozinha | C3: =IF('Investimentos'!$A3="","",IFERROR(VLOOKUP('Investimentos'!$A3,'Premissas'!$E$5:$G$8,2,FALSE),"")) | D3: Cozinha Moderna Ltda. | E3: São Paulo | F3: 1 | G3: 18500 | H3: =IF(OR('Investimentos'!$F3="",'Investimentos'!$G3=""),"",'Investimentos'!$F3*'Investimentos'!$G3) | I3: 46027 | J3: =IF('Investimentos'!$A3="","",IF('Investimentos'!$H3>0,"Orçado","Pendente")) | K3: Forno, fogão e refrigerador | L3: =IF('Investimentos'!$A3="","",IFERROR('Investimentos'!$H3/'Investimentos'!$H$104,0)) | M3: =IF('Investimentos'!$A3="","",IFERROR(VLOOKUP('Investimentos'!$A3,'Premissas'!$E$5:$G$8,3,FALSE),""))
A4: INV | B4: Reforma e adequação do ponto | C4: =IF('Investimentos'!$A4="","",IFERROR(VLOOKUP('Investimentos'!$A4,'Premissas'!$E$5:$G$8,2,FALSE),"")) | D4: Construtora Horizonte | E4: Campinas | F4: 1 | G4: 12000 | H4: =IF(OR('Investimentos'!$F4="",'Investimentos'!$G4=""),"",'Investimentos'!$F4*'Investimentos'!$G4) | I4: 46030 | J4: =IF('Investimentos'!$A4="","",IF('Investimentos'!$H4>0,"Orçado","Pendente")) | K4: Adequação elétrica e hidráulica | L4: =IF('Investimentos'!$A4="","",IFERROR('Investimentos'!$H4/'Investimentos'!$H$104,0)) | M4: =IF('Investimentos'!$A4="","",IFERROR(VLOOKUP('Investimentos'!$A4,'Premissas'!$E$5:$G$8,3,FALSE),""))
A5: INV | B5: Mobiliário | C5: =IF('Investimentos'!$A5="","",IFERROR(VLOOKUP('Investimentos'!$A5,'Premissas'!$E$5:$G$8,2,FALSE),"")) | D5: Móveis Corporativos | E5: São Paulo | F5: 1 | G5: 8750 | H5: =IF(OR('Investimentos'!$F5="",'Investimentos'!$G5=""),"",'Investimentos'!$F5*'Investimentos'!$G5) | I5: 46032 | J5: =IF('Investimentos'!$A5="","",IF('Investimentos'!$H5>0,"Orçado","Pendente")) | K5: Mesas, cadeiras e balcão | L5: =IF('Investimentos'!$A5="","",IFERROR('Investimentos'!$H5/'Investimentos'!$H$104,0)) | M5: =IF('Investimentos'!$A5="","",IFERROR(VLOOKUP('Investimentos'!$A5,'Premissas'!$E$5:$G$8,3,FALSE),""))
A6: INV | B6: Sistema de gestão | C6: =IF('Investimentos'!$A6="","",IFERROR(VLOOKUP('Investimentos'!$A6,'Premissas'!$E$5:$G$8,2,FALSE),"")) | D6: Gestão Fácil Sistemas | E6: Belo Horizonte | F6: 1 | G6: 2400 | H6: =IF(OR('Investimentos'!$F6="",'Investimentos'!$G6=""),"",'Investimentos'!$F6*'Investimentos'!$G6) | I6: 46034 | J6: =IF('Investimentos'!$A6="","",IF('Investimentos'!$H6>0,"Orçado","Pendente")) | K6: Licença anual e implantação | L6: =IF('Investimentos'!$A6="","",IFERROR('Investimentos'!$H6/'Investimentos'!$H$104,0)) | M6: =IF('Investimentos'!$A6="","",IFERROR(VLOOKUP('Investimentos'!$A6,'Premissas'!$E$5:$G$8,3,FALSE),""))
A7: INV | B7: Computador e impressora | C7: =IF('Investimentos'!$A7="","",IFERROR(VLOOKUP('Investimentos'!$A7,'Premissas'!$E$5:$G$8,2,FALSE),"")) | D7: Tecnologia Brasil | E7: Rio de Janeiro | F7: 1 | G7: 4200 | H7: =IF(OR('Investimentos'!$F7="",'Investimentos'!$G7=""),"",'Investimentos'!$F7*'Investimentos'!$G7) | I7: 46036 | J7: =IF('Investimentos'!$A7="","",IF('Investimentos'!$H7>0,"Orçado","Pendente")) | K7: Equipamento administrativo | L7: =IF('Investimentos'!$A7="","",IFERROR('Investimentos'!$H7/'Investimentos'!$H$104,0)) | M7: =IF('Investimentos'!$A7="","",IFERROR(VLOOKUP('Investimentos'!$A7,'Premissas'!$E$5:$G$8,3,FALSE),""))
A8: INV | B8: Fachada e comunicação visual | C8: =IF('Investimentos'!$A8="","",IFERROR(VLOOKUP('Investimentos'!$A8,'Premissas'!$E$5:$G$8,2,FALSE),"")) | D8: Visual Urbana | E8: Curitiba | F8: 1 | G8: 3800 | H8: =IF(OR('Investimentos'!$F8="",'Investimentos'!$G8=""),"",'Investimentos'!$F8*'Investimentos'!$G8) | I8: 46038 | J8: =IF('Investimentos'!$A8="","",IF('Investimentos'!$H8>0,"Orçado","Pendente")) | K8: Placa, cardápios e adesivos | L8: =IF('Investimentos'!$A8="","",IFERROR('Investimentos'!$H8/'Investimentos'!$H$104,0)) | M8: =IF('Investimentos'!$A8="","",IFERROR(VLOOKUP('Investimentos'!$A8,'Premissas'!$E$5:$G$8,3,FALSE),""))
A9: INV | B9: Licenças e documentação | C9: =IF('Investimentos'!$A9="","",IFERROR(VLOOKUP('Investimentos'!$A9,'Premissas'!$E$5:$G$8,2,FALSE),"")) | D9: Regulariza Serviços | E9: Porto Alegre | F9: 1 | G9: 2150 | H9: =IF(OR('Investimentos'!$F9="",'Investimentos'!$G9=""),"",'Investimentos'!$F9*'Investimentos'!$G9) | I9: 46040 | J9: =IF('Investimentos'!$A9="","",IF('Investimentos'!$H9>0,"Orçado","Pendente")) | K9: Taxas e registros iniciais | L9: =IF('Investimentos'!$A9="","",IFERROR('Investimentos'!$H9/'Investimentos'!$H$104,0)) | M9: =IF('Investimentos'!$A9="","",IFERROR(VLOOKUP('Investimentos'!$A9,'Premissas'!$E$5:$G$8,3,FALSE),""))
A10: INV | B10: Capital de giro inicial | C10: =IF('Investimentos'!$A10="","",IFERROR(VLOOKUP('Investimentos'!$A10,'Premissas'!$E$5:$G$8,2,FALSE),"")) | D10: Reserva Financeira | E10: Salvador | F10: 1 | G10: 15000 | H10: =IF(OR('Investimentos'!$F10="",'Investimentos'!$G10=""),"",'Investimentos'!$F10*'Investimentos'!$G10) | I10: 46042 | J10: =IF('Investimentos'!$A10="","",IF('Investimentos'!$H10>0,"Orçado","Pendente")) | K10: Reserva operacional inicial | L10: =IF('Investimentos'!$A10="","",IFERROR('Investimentos'!$H10/'Investimentos'!$H$104,0)) | M10: =IF('Investimentos'!$A10="","",IFERROR(VLOOKUP('Investimentos'!$A10,'Premissas'!$E$5:$G$8,3,FALSE),""))
C11: =IF('Investimentos'!$A11="","",IFERROR(VLOOKUP('Investimentos'!$A11,'Premissas'!$E$5:$G$8,2,FALSE),"")) | H11: =IF(OR('Investimentos'!$F11="",'Investimentos'!$G11=""),"",'Investimentos'!$F11*'Investimentos'!$G11) | J11: =IF('Investimentos'!$A11="","",IF('Investimentos'!$H11>0,"Orçado","Pendente")) | L11: =IF('Investimentos'!$A11="","",IFERROR('Investimentos'!$H11/'Investimentos'!$H$104,0)) | M11: =IF('Investimentos'!$A11="","",IFERROR(VLOOKUP('Investimentos'!$A11,'Premissas'!$E$5:$G$8,3,FALSE),""))
C12: =IF('Investimentos'!$A12="","",IFERROR(VLOOKUP('Investimentos'!$A12,'Premissas'!$E$5:$G$8,2,FALSE),"")) | H12: =IF(OR('Investimentos'!$F12="",'Investimentos'!$G12=""),"",'Investimentos'!$F12*'Investimentos'!$G12) | J12: =IF('Investimentos'!$A12="","",IF('Investimentos'!$H12>0,"Orçado","Pendente")) | L12: =IF('Investimentos'!$A12="","",IFERROR('Investimentos'!$H12/'Investimentos'!$H$104,0)) | M12: =IF('Investimentos'!$A12="","",IFERROR(VLOOKUP('Investimentos'!$A12,'Premissas'!$E$5:$G$8,3,FALSE),""))
C13: =IF('Investimentos'!$A13="","",IFERROR(VLOOKUP('Investimentos'!$A13,'Premissas'!$E$5:$G$8,2,FALSE),"")) | H13: =IF(OR('Investimentos'!$F13="",'Investimentos'!$G13=""),"",'Investimentos'!$F13*'Investimentos'!$G13) | J13: =IF('Investimentos'!$A13="","",IF('Investimentos'!$H13>0,"Orçado","Pendente")) | L13: =IF('Investimentos'!$A13="","",IFERROR('Investimentos'!$H13/'Investimentos'!$H$104,0)) | M13: =IF('Investimentos'!$A13="","",IFERROR(VLOOKUP('Investimentos'!$A13,'Premissas'!$E$5:$G$8,3,FALSE),""))
C14: =IF('Investimentos'!$A14="","",IFERROR(VLOOKUP('Investimentos'!$A14,'Premissas'!$E$5:$G$8,2,FALSE),"")) | H14: =IF(OR('Investimentos'!$F14="",'Investimentos'!$G14=""),"",'Investimentos'!$F14*'Investimentos'!$G14) | J14: =IF('Investimentos'!$A14="","",IF('Investimentos'!$H14>0,"Orçado","Pendente")) | L14: =IF('Investimentos'!$A14="","",IFERROR('Investimentos'!$H14/'Investimentos'!$H$104,0)) | M14: =IF('Investimentos'!$A14="","",IFERROR(VLOOKUP('Investimentos'!$A14,'Premissas'!$E$5:$G$8,3,FALSE),""))
C15: =IF('Investimentos'!$A15="","",IFERROR(VLOOKUP('Investimentos'!$A15,'Premissas'!$E$5:$G$8,2,FALSE),"")) | H15: =IF(OR('Investimentos'!$F15="",'Investimentos'!$G15=""),"",'Investimentos'!$F15*'Investimentos'!$G15) | J15: =IF('Investimentos'!$A15="","",IF('Investimentos'!$H15>0,"Orçado","Pendente")) | L15: =IF('Investimentos'!$A15="","",IFERROR('Investimentos'!$H15/'Investimentos'!$H$104,0)) | M15: =IF('Investimentos'!$A15="","",IFERROR(VLOOKUP('Investimentos'!$A15,'Premissas'!$E$5:$G$8,3,FALSE),""))
C16: =IF('Investimentos'!$A16="","",IFERROR(VLOOKUP('Investimentos'!$A16,'Premissas'!$E$5:$G$8,2,FALSE),"")) | H16: =IF(OR('Investimentos'!$F16="",'Investimentos'!$G16=""),"",'Investimentos'!$F16*'Investimentos'!$G16) | J16: =IF('Investimentos'!$A16="","",IF('Investimentos'!$H16>0,"Orçado","Pendente")) | L16: =IF('Investimentos'!$A16="","",IFERROR('Investimentos'!$H16/'Investimentos'!$H$104,0)) | M16: =IF('Investimentos'!$A16="","",IFERROR(VLOOKUP('Investimentos'!$A16,'Premissas'!$E$5:$G$8,3,FALSE),""))
C17: =IF('Investimentos'!$A17="","",IFERROR(VLOOKUP('Investimentos'!$A17,'Premissas'!$E$5:$G$8,2,FALSE),"")) | H17: =IF(OR('Investimentos'!$F17="",'Investimentos'!$G17=""),"",'Investimentos'!$F17*'Investimentos'!$G17) | J17: =IF('Investimentos'!$A17="","",IF('Investimentos'!$H17>0,"Orçado","Pendente")) | L17: =IF('Investimentos'!$A17="","",IFERROR('Investimentos'!$H17/'Investimentos'!$H$104,0)) | M17: =IF('Investimentos'!$A17="","",IFERROR(VLOOKUP('Investimentos'!$A17,'Premissas'!$E$5:$G$8,3,FALSE),""))
C18: =IF('Investimentos'!$A18="","",IFERROR(VLOOKUP('Investimentos'!$A18,'Premissas'!$E$5:$G$8,2,FALSE),"")) | H18: =IF(OR('Investimentos'!$F18="",'Investimentos'!$G18=""),"",'Investimentos'!$F18*'Investimentos'!$G18) | J18: =IF('Investimentos'!$A18="","",IF('Investimentos'!$H18>0,"Orçado","Pendente")) | L18: =IF('Investimentos'!$A18="","",IFERROR('Investimentos'!$H18/'Investimentos'!$H$104,0)) | M18: =IF('Investimentos'!$A18="","",IFERROR(VLOOKUP('Investimentos'!$A18,'Premissas'!$E$5:$G$8,3,FALSE),""))
C19: =IF('Investimentos'!$A19="","",IFERROR(VLOOKUP('Investimentos'!$A19,'Premissas'!$E$5:$G$8,2,FALSE),"")) | H19: =IF(OR('Investimentos'!$F19="",'Investimentos'!$G19=""),"",'Investimentos'!$F19*'Investimentos'!$G19) | J19: =IF('Investimentos'!$A19="","",IF('Investimentos'!$H19>0,"Orçado","Pendente")) | L19: =IF('Investimentos'!$A19="","",IFERROR('Investimentos'!$H19/'Investimentos'!$H$104,0)) | M19: =IF('Investimentos'!$A19="","",IFERROR(VLOOKUP('Investimentos'!$A19,'Premissas'!$E$5:$G$8,3,FALSE),""))
C20: =IF('Investimentos'!$A20="","",IFERROR(VLOOKUP('Investimentos'!$A20,'Premissas'!$E$5:$G$8,2,FALSE),"")) | H20: =IF(OR('Investimentos'!$F20="",'Investimentos'!$G20=""),"",'Investimentos'!$F20*'Investimentos'!$G20) | J20: =IF('Investimentos'!$A20="","",IF('Investimentos'!$H20>0,"Orçado","Pendente")) | L20: =IF('Investimentos'!$A20="","",IFERROR('Investimentos'!$H20/'Investimentos'!$H$104,0)) | M20: =IF('Investimentos'!$A20="","",IFERROR(VLOOKUP('Investimentos'!$A20,'Premissas'!$E$5:$G$8,3,FALSE),""))
C21: =IF('Investimentos'!$A21="","",IFERROR(VLOOKUP('Investimentos'!$A21,'Premissas'!$E$5:$G$8,2,FALSE),"")) | H21: =IF(OR('Investimentos'!$F21="",'Investimentos'!$G21=""),"",'Investimentos'!$F21*'Investimentos'!$G21) | J21: =IF('Investimentos'!$A21="","",IF('Investimentos'!$H21>0,"Orçado","Pendente")) | L21: =IF('Investimentos'!$A21="","",IFERROR('Investimentos'!$H21/'Investimentos'!$H$104,0)) | M21: =IF('Investimentos'!$A21="","",IFERROR(VLOOKUP('Investimentos'!$A21,'Premissas'!$E$5:$G$8,3,FALSE),""))
C22: =IF('Investimentos'!$A22="","",IFERROR(VLOOKUP('Investimentos'!$A22,'Premissas'!$E$5:$G$8,2,FALSE),"")) | H22: =IF(OR('Investimentos'!$F22="",'Investimentos'!$G22=""),"",'Investimentos'!$F22*'Investimentos'!$G22) | J22: =IF('Investimentos'!$A22="","",IF('Investimentos'!$H22>0,"Orçado","Pendente")) | L22: =IF('Investimentos'!$A22="","",IFERROR('Investimentos'!$H22/'Investimentos'!$H$104,0)) | M22: =IF('Investimentos'!$A22="","",IFERROR(VLOOKUP('Investimentos'!$A22,'Premissas'!$E$5:$G$8,3,FALSE),""))
... C102: =IF('Investimentos'!$A102="","",IFERROR(VLOOKUP('Investimentos'!$A102,'Premissas'!$E$5:$G$8,2,FALSE),"")) | H102: =IF(OR('Investimentos'!$F102="",'Investimentos'!$G102=""),"",'Investimentos'!$F102*'Investimentos'!$G102) | J102: =IF('Investimentos'!$A102="","",IF('Investimentos'!$H102>0,"Orçado","Pendente")) | L102: =IF('Investimentos'!$A102="","",IFERROR('Investimentos'!$H102/'Investimentos'!$H$104,0)) | M102: =IF('Investimentos'!$A102="","",IFERROR(VLOOKUP('Investimentos'!$A102,'Premissas'!$E$5:$G$8,3,FALSE),""))
A104: Total dos investimentos | H104: =SUM('Investimentos'!$H$3:$H$102)

Sheet Fluxo de Caixa
A1: Fluxo de Caixa Projetado
A2: Mês nº | B2: Data | C2: Unidades vendidas | D2: Preço médio | E2: Receita bruta | F2: Custos variáveis | G2: Custos fixos | H2: Despesas adicionais | I2: Impostos | J2: Fluxo operacional | K2: Investimento inicial | L2: Fluxo de caixa líquido | M2: Fluxo acumulado | N2: Margem líquida | O2: Situação | P2: Código base | Q2: Categoria consultada | R2: Tipo consultado | S2: Marco de retorno
A3: =IF('Fluxo de Caixa'!$B3="","",1) | B3: 46023 | C3: =IF('Fluxo de Caixa'!$B3="","",'Premissas'!$B$11) | D3: =IF('Fluxo de Caixa'!$B3="","",'Premissas'!$B$10) | E3: =IF('Fluxo de Caixa'!$B3="","",'Fluxo de Caixa'!$C3*'Fluxo de Caixa'!$D3) | F3: =IF('Fluxo de Caixa'!$B3="","",'Fluxo de Caixa'!$C3*'Premissas'!$B$13) | G3: =IF('Fluxo de Caixa'!$B3="","",'Premissas'!$B$14) | H3: 800 | I3: =IF('Fluxo de Caixa'!$B3="","",'Fluxo de Caixa'!$E3*'Premissas'!$B$16) | J3: =IF('Fluxo de Caixa'!$B3="","",'Fluxo de Caixa'!$E3-'Fluxo de Caixa'!$F3-'Fluxo de Caixa'!$G3-'Fluxo de Caixa'!$H3-'Fluxo de Caixa'!$I3) | K3: =IF('Fluxo de Caixa'!$B3="","",IF('Fluxo de Caixa'!$A3=1,-SUM('Investimentos'!$H$3:$H$102),0)) | L3: =IF('Fluxo de Caixa'!$B3="","",'Fluxo de Caixa'!$J3+'Fluxo de Caixa'!$K3) | M3: =IF('Fluxo de Caixa'!$B3="","",SUM('Fluxo de Caixa'!$L$3:'Fluxo de Caixa'!$L3)) | N3: =IF('Fluxo de Caixa'!$B3="","",IFERROR('Fluxo de Caixa'!$L3/'Fluxo de Caixa'!$E3,0)) | O3: =IF('Fluxo de Caixa'!$B3="","",IF('Fluxo de Caixa'!$L3>=0,"Positivo","Atenção")) | P3: REC | Q3: =IF('Fluxo de Caixa'!$P3="","",IFERROR(VLOOKUP('Fluxo de Caixa'!$P3,'Premissas'!$E$5:$G$8,2,FALSE),"")) | R3: =IF('Fluxo de Caixa'!$P3="","",IFERROR(VLOOKUP('Fluxo de Caixa'!$P3,'Premissas'!$E$5:$G$8,3,FALSE),"")) | S3: =IF('Fluxo de Caixa'!$B3="","",IF('Fluxo de Caixa'!$M3>=0,1,0))
A4: =IF('Fluxo de Caixa'!$B4="","",'Fluxo de Caixa'!$A3+1) | B4: 46054 | C4: =IF('Fluxo de Caixa'!$B4="","",IF('Fluxo de Caixa'!$C3="",'Premissas'!$B$11,ROUND('Fluxo de Caixa'!$C3*(1+'Premissas'!$B$12),0))) | D4: =IF('Fluxo de Caixa'!$B4="","",'Premissas'!$B$10) | E4: =IF('Fluxo de Caixa'!$B4="","",'Fluxo de Caixa'!$C4*'Fluxo de Caixa'!$D4) | F4: =IF('Fluxo de Caixa'!$B4="","",'Fluxo de Caixa'!$C4*'Premissas'!$B$13) | G4: =IF('Fluxo de Caixa'!$B4="","",'Premissas'!$B$14) | H4: 0 | I4: =IF('Fluxo de Caixa'!$B4="","",'Fluxo de Caixa'!$E4*'Premissas'!$B$16) | J4: =IF('Fluxo de Caixa'!$B4="","",'Fluxo de Caixa'!$E4-'Fluxo de Caixa'!$F4-'Fluxo de Caixa'!$G4-'Fluxo de Caixa'!$H4-'Fluxo de Caixa'!$I4) | K4: =IF('Fluxo de Caixa'!$B4="","",IF('Fluxo de Caixa'!$A4=1,-SUM('Investimentos'!$H$3:$H$102),0)) | L4: =IF('Fluxo de Caixa'!$B4="","",'Fluxo de Caixa'!$J4+'Fluxo de Caixa'!$K4) | M4: =IF('Fluxo de Caixa'!$B4="","",SUM('Fluxo de Caixa'!$L$3:'Fluxo de Caixa'!$L4)) | N4: =IF('Fluxo de Caixa'!$B4="","",IFERROR('Fluxo de Caixa'!$L4/'Fluxo de Caixa'!$E4,0)) | O4: =IF('Fluxo de Caixa'!$B4="","",IF('Fluxo de Caixa'!$L4>=0,"Positivo","Atenção")) | P4: REC | Q4: =IF('Fluxo de Caixa'!$P4="","",IFERROR(VLOOKUP('Fluxo de Caixa'!$P4,'Premissas'!$E$5:$G$8,2,FALSE),"")) | R4: =IF('Fluxo de Caixa'!$P4="","",IFERROR(VLOOKUP('Fluxo de Caixa'!$P4,'Premissas'!$E$5:$G$8,3,FALSE),"")) | S4: =IF('Fluxo de Caixa'!$B4="","",IF('Fluxo de Caixa'!$M4>=0,1,0))
A5: =IF('Fluxo de Caixa'!$B5="","",'Fluxo de Caixa'!$A4+1) | B5: 46082 | C5: =IF('Fluxo de Caixa'!$B5="","",IF('Fluxo de Caixa'!$C4="",'Premissas'!$B$11,ROUND('Fluxo de Caixa'!$C4*(1+'Premissas'!$B$12),0))) | D5: =IF('Fluxo de Caixa'!$B5="","",'Premissas'!$B$10) | E5: =IF('Fluxo de Caixa'!$B5="","",'Fluxo de Caixa'!$C5*'Fluxo de Caixa'!$D5) | F5: =IF('Fluxo de Caixa'!$B5="","",'Fluxo de Caixa'!$C5*'Premissas'!$B$13) | G5: =IF('Fluxo de Caixa'!$B5="","",'Premissas'!$B$14) | H5: 350 | I5: =IF('Fluxo de Caixa'!$B5="","",'Fluxo de Caixa'!$E5*'Premissas'!$B$16) | J5: =IF('Fluxo de Caixa'!$B5="","",'Fluxo de Caixa'!$E5-'Fluxo de Caixa'!$F5-'Fluxo de Caixa'!$G5-'Fluxo de Caixa'!$H5-'Fluxo de Caixa'!$I5) | K5: =IF('Fluxo de Caixa'!$B5="","",IF('Fluxo de Caixa'!$A5=1,-SUM('Investimentos'!$H$3:$H$102),0)) | L5: =IF('Fluxo de Caixa'!$B5="","",'Fluxo de Caixa'!$J5+'Fluxo de Caixa'!$K5) | M5: =IF('Fluxo de Caixa'!$B5="","",SUM('Fluxo de Caixa'!$L$3:'Fluxo de Caixa'!$L5)) | N5: =IF('Fluxo de Caixa'!$B5="","",IFERROR('Fluxo de Caixa'!$L5/'Fluxo de Caixa'!$E5,0)) | O5: =IF('Fluxo de Caixa'!$B5="","",IF('Fluxo de Caixa'!$L5>=0,"Positivo","Atenção")) | P5: REC | Q5: =IF('Fluxo de Caixa'!$P5="","",IFERROR(VLOOKUP('Fluxo de Caixa'!$P5,'Premissas'!$E$5:$G$8,2,FALSE),"")) | R5: =IF('Fluxo de Caixa'!$P5="","",IFERROR(VLOOKUP('Fluxo de Caixa'!$P5,'Premissas'!$E$5:$G$8,3,FALSE),"")) | S5: =IF('Fluxo de Caixa'!$B5="","",IF('Fluxo de Caixa'!$M5>=0,1,0))
A6: =IF('Fluxo de Caixa'!$B6="","",'Fluxo de Caixa'!$A5+1) | B6: 46113 | C6: =IF('Fluxo de Caixa'!$B6="","",IF('Fluxo de Caixa'!$C5="",'Premissas'!$B$11,ROUND('Fluxo de Caixa'!$C5*(1+'Premissas'!$B$12),0))) | D6: =IF('Fluxo de Caixa'!$B6="","",'Premissas'!$B$10) | E6: =IF('Fluxo de Caixa'!$B6="","",'Fluxo de Caixa'!$C6*'Fluxo de Caixa'!$D6) | F6: =IF('Fluxo de Caixa'!$B6="","",'Fluxo de Caixa'!$C6*'Premissas'!$B$13) | G6: =IF('Fluxo de Caixa'!$B6="","",'Premissas'!$B$14) | H6: 0 | I6: =IF('Fluxo de Caixa'!$B6="","",'Fluxo de Caixa'!$E6*'Premissas'!$B$16) | J6: =IF('Fluxo de Caixa'!$B6="","",'Fluxo de Caixa'!$E6-'Fluxo de Caixa'!$F6-'Fluxo de Caixa'!$G6-'Fluxo de Caixa'!$H6-'Fluxo de Caixa'!$I6) | K6: =IF('Fluxo de Caixa'!$B6="","",IF('Fluxo de Caixa'!$A6=1,-SUM('Investimentos'!$H$3:$H$102),0)) | L6: =IF('Fluxo de Caixa'!$B6="","",'Fluxo de Caixa'!$J6+'Fluxo de Caixa'!$K6) | M6: =IF('Fluxo de Caixa'!$B6="","",SUM('Fluxo de Caixa'!$L$3:'Fluxo de Caixa'!$L6)) | N6: =IF('Fluxo de Caixa'!$B6="","",IFERROR('Fluxo de Caixa'!$L6/'Fluxo de Caixa'!$E6,0)) | O6: =IF('Fluxo de Caixa'!$B6="","",IF('Fluxo de Caixa'!$L6>=0,"Positivo","Atenção")) | P6: REC | Q6: =IF('Fluxo de Caixa'!$P6="","",IFERROR(VLOOKUP('Fluxo de Caixa'!$P6,'Premissas'!$E$5:$G$8,2,FALSE),"")) | R6: =IF('Fluxo de Caixa'!$P6="","",IFERROR(VLOOKUP('Fluxo de Caixa'!$P6,'Premissas'!$E$5:$G$8,3,FALSE),"")) | S6: =IF('Fluxo de Caixa'!$B6="","",IF('Fluxo de Caixa'!$M6>=0,1,0))
A7: =IF('Fluxo de Caixa'!$B7="","",'Fluxo de Caixa'!$A6+1) | B7: 46143 | C7: =IF('Fluxo de Caixa'!$B7="","",IF('Fluxo de Caixa'!$C6="",'Premissas'!$B$11,ROUND('Fluxo de Caixa'!$C6*(1+'Premissas'!$B$12),0))) | D7: =IF('Fluxo de Caixa'!$B7="","",'Premissas'!$B$10) | E7: =IF('Fluxo de Caixa'!$B7="","",'Fluxo de Caixa'!$C7*'Fluxo de Caixa'!$D7) | F7: =IF('Fluxo de Caixa'!$B7="","",'Fluxo de Caixa'!$C7*'Premissas'!$B$13) | G7: =IF('Fluxo de Caixa'!$B7="","",'Premissas'!$B$14) | H7: 600 | I7: =IF('Fluxo de Caixa'!$B7="","",'Fluxo de Caixa'!$E7*'Premissas'!$B$16) | J7: =IF('Fluxo de Caixa'!$B7="","",'Fluxo de Caixa'!$E7-'Fluxo de Caixa'!$F7-'Fluxo de Caixa'!$G7-'Fluxo de Caixa'!$H7-'Fluxo de Caixa'!$I7) | K7: =IF('Fluxo de Caixa'!$B7="","",IF('Fluxo de Caixa'!$A7=1,-SUM('Investimentos'!$H$3:$H$102),0)) | L7: =IF('Fluxo de Caixa'!$B7="","",'Fluxo de Caixa'!$J7+'Fluxo de Caixa'!$K7) | M7: =IF('Fluxo de Caixa'!$B7="","",SUM('Fluxo de Caixa'!$L$3:'Fluxo de Caixa'!$L7)) | N7: =IF('Fluxo de Caixa'!$B7="","",IFERROR('Fluxo de Caixa'!$L7/'Fluxo de Caixa'!$E7,0)) | O7: =IF('Fluxo de Caixa'!$B7="","",IF('Fluxo de Caixa'!$L7>=0,"Positivo","Atenção")) | P7: REC | Q7: =IF('Fluxo de Caixa'!$P7="","",IFERROR(VLOOKUP('Fluxo de Caixa'!$P7,'Premissas'!$E$5:$G$8,2,FALSE),"")) | R7: =IF('Fluxo de Caixa'!$P7="","",IFERROR(VLOOKUP('Fluxo de Caixa'!$P7,'Premissas'!$E$5:$G$8,3,FALSE),"")) | S7: =IF('Fluxo de Caixa'!$B7="","",IF('Fluxo de Caixa'!$M7>=0,1,0))
A8: =IF('Fluxo de Caixa'!$B8="","",'Fluxo de Caixa'!$A7+1) | B8: 46174 | C8: =IF('Fluxo de Caixa'!$B8="","",IF('Fluxo de Caixa'!$C7="",'Premissas'!$B$11,ROUND('Fluxo de Caixa'!$C7*(1+'Premissas'!$B$12),0))) | D8: =IF('Fluxo de Caixa'!$B8="","",'Premissas'!$B$10) | E8: =IF('Fluxo de Caixa'!$B8="","",'Fluxo de Caixa'!$C8*'Fluxo de Caixa'!$D8) | F8: =IF('Fluxo de Caixa'!$B8="","",'Fluxo de Caixa'!$C8*'Premissas'!$B$13) | G8: =IF('Fluxo de Caixa'!$B8="","",'Premissas'!$B$14) | H8: 0 | I8: =IF('Fluxo de Caixa'!$B8="","",'Fluxo de Caixa'!$E8*'Premissas'!$B$16) | J8: =IF('Fluxo de Caixa'!$B8="","",'Fluxo de Caixa'!$E8-'Fluxo de Caixa'!$F8-'Fluxo de Caixa'!$G8-'Fluxo de Caixa'!$H8-'Fluxo de Caixa'!$I8) | K8: =IF('Fluxo de Caixa'!$B8="","",IF('Fluxo de Caixa'!$A8=1,-SUM('Investimentos'!$H$3:$H$102),0)) | L8: =IF('Fluxo de Caixa'!$B8="","",'Fluxo de Caixa'!$J8+'Fluxo de Caixa'!$K8) | M8: =IF('Fluxo de Caixa'!$B8="","",SUM('Fluxo de Caixa'!$L$3:'Fluxo de Caixa'!$L8)) | N8: =IF('Fluxo de Caixa'!$B8="","",IFERROR('Fluxo de Caixa'!$L8/'Fluxo de Caixa'!$E8,0)) | O8: =IF('Fluxo de Caixa'!$B8="","",IF('Fluxo de Caixa'!$L8>=0,"Positivo","Atenção")) | P8: REC | Q8: =IF('Fluxo de Caixa'!$P8="","",IFERROR(VLOOKUP('Fluxo de Caixa'!$P8,'Premissas'!$E$5:$G$8,2,FALSE),"")) | R8: =IF('Fluxo de Caixa'!$P8="","",IFERROR(VLOOKUP('Fluxo de Caixa'!$P8,'Premissas'!$E$5:$G$8,3,FALSE),"")) | S8: =IF('Fluxo de Caixa'!$B8="","",IF('Fluxo de Caixa'!$M8>=0,1,0))
A9: =IF('Fluxo de Caixa'!$B9="","",'Fluxo de Caixa'!$A8+1) | B9: 46204 | C9: =IF('Fluxo de Caixa'!$B9="","",IF('Fluxo de Caixa'!$C8="",'Premissas'!$B$11,ROUND('Fluxo de Caixa'!$C8*(1+'Premissas'!$B$12),0))) | D9: =IF('Fluxo de Caixa'!$B9="","",'Premissas'!$B$10) | E9: =IF('Fluxo de Caixa'!$B9="","",'Fluxo de Caixa'!$C9*'Fluxo de Caixa'!$D9) | F9: =IF('Fluxo de Caixa'!$B9="","",'Fluxo de Caixa'!$C9*'Premissas'!$B$13) | G9: =IF('Fluxo de Caixa'!$B9="","",'Premissas'!$B$14) | H9: 250 | I9: =IF('Fluxo de Caixa'!$B9="","",'Fluxo de Caixa'!$E9*'Premissas'!$B$16) | J9: =IF('Fluxo de Caixa'!$B9="","",'Fluxo de Caixa'!$E9-'Fluxo de Caixa'!$F9-'Fluxo de Caixa'!$G9-'Fluxo de Caixa'!$H9-'Fluxo de Caixa'!$I9) | K9: =IF('Fluxo de Caixa'!$B9="","",IF('Fluxo de Caixa'!$A9=1,-SUM('Investimentos'!$H$3:$H$102),0)) | L9: =IF('Fluxo de Caixa'!$B9="","",'Fluxo de Caixa'!$J9+'Fluxo de Caixa'!$K9) | M9: =IF('Fluxo de Caixa'!$B9="","",SUM('Fluxo de Caixa'!$L$3:'Fluxo de Caixa'!$L9)) | N9: =IF('Fluxo de Caixa'!$B9="","",IFERROR('Fluxo de Caixa'!$L9/'Fluxo de Caixa'!$E9,0)) | O9: =IF('Fluxo de Caixa'!$B9="","",IF('Fluxo de Caixa'!$L9>=0,"Positivo","Atenção")) | P9: REC | Q9: =IF('Fluxo de Caixa'!$P9="","",IFERROR(VLOOKUP('Fluxo de Caixa'!$P9,'Premissas'!$E$5:$G$8,2,FALSE),"")) | R9: =IF('Fluxo de Caixa'!$P9="","",IFERROR(VLOOKUP('Fluxo de Caixa'!$P9,'Premissas'!$E$5:$G$8,3,FALSE),"")) | S9: =IF('Fluxo de Caixa'!$B9="","",IF('Fluxo de Caixa'!$M9>=0,1,0))
A10: =IF('Fluxo de Caixa'!$B10="","",'Fluxo de Caixa'!$A9+1) | B10: 46235 | C10: =IF('Fluxo de Caixa'!$B10="","",IF('Fluxo de Caixa'!$C9="",'Premissas'!$B$11,ROUND('Fluxo de Caixa'!$C9*(1+'Premissas'!$B$12),0))) | D10: =IF('Fluxo de Caixa'!$B10="","",'Premissas'!$B$10) | E10: =IF('Fluxo de Caixa'!$B10="","",'Fluxo de Caixa'!$C10*'Fluxo de Caixa'!$D10) | F10: =IF('Fluxo de Caixa'!$B10="","",'Fluxo de Caixa'!$C10*'Premissas'!$B$13) | G10: =IF('Fluxo de Caixa'!$B10="","",'Premissas'!$B$14) | H10: 0 | I10: =IF('Fluxo de Caixa'!$B10="","",'Fluxo de Caixa'!$E10*'Premissas'!$B$16) | J10: =IF('Fluxo de Caixa'!$B10="","",'Fluxo de Caixa'!$E10-'Fluxo de Caixa'!$F10-'Fluxo de Caixa'!$G10-'Fluxo de Caixa'!$H10-'Fluxo de Caixa'!$I10) | K10: =IF('Fluxo de Caixa'!$B10="","",IF('Fluxo de Caixa'!$A10=1,-SUM('Investimentos'!$H$3:$H$102),0)) | L10: =IF('Fluxo de Caixa'!$B10="","",'Fluxo de Caixa'!$J10+'Fluxo de Caixa'!$K10) | M10: =IF('Fluxo de Caixa'!$B10="","",SUM('Fluxo de Caixa'!$L$3:'Fluxo de Caixa'!$L10)) | N10: =IF('Fluxo de Caixa'!$B10="","",IFERROR('Fluxo de Caixa'!$L10/'Fluxo de Caixa'!$E10,0)) | O10: =IF('Fluxo de Caixa'!$B10="","",IF('Fluxo de Caixa'!$L10>=0,"Positivo","Atenção")) | P10: REC | Q10: =IF('Fluxo de Caixa'!$P10="","",IFERROR(VLOOKUP('Fluxo de Caixa'!$P10,'Premissas'!$E$5:$G$8,2,FALSE),"")) | R10: =IF('Fluxo de Caixa'!$P10="","",IFERROR(VLOOKUP('Fluxo de Caixa'!$P10,'Premissas'!$E$5:$G$8,3,FALSE),"")) | S10: =IF('Fluxo de Caixa'!$B10="","",IF('Fluxo de Caixa'!$M10>=0,1,0))
A11: =IF('Fluxo de Caixa'!$B11="","",'Fluxo de Caixa'!$A10+1) | B11: 46266 | C11: =IF('Fluxo de Caixa'!$B11="","",IF('Fluxo de Caixa'!$C10="",'Premissas'!$B$11,ROUND('Fluxo de Caixa'!$C10*(1+'Premissas'!$B$12),0))) | D11: =IF('Fluxo de Caixa'!$B11="","",'Premissas'!$B$10) | E11: =IF('Fluxo de Caixa'!$B11="","",'Fluxo de Caixa'!$C11*'Fluxo de Caixa'!$D11) | F11: =IF('Fluxo de Caixa'!$B11="","",'Fluxo de Caixa'!$C11*'Premissas'!$B$13) | G11: =IF('Fluxo de Caixa'!$B11="","",'Premissas'!$B$14) | H11: 400 | I11: =IF('Fluxo de Caixa'!$B11="","",'Fluxo de Caixa'!$E11*'Premissas'!$B$16) | J11: =IF('Fluxo de Caixa'!$B11="","",'Fluxo de Caixa'!$E11-'Fluxo de Caixa'!$F11-'Fluxo de Caixa'!$G11-'Fluxo de Caixa'!$H11-'Fluxo de Caixa'!$I11) | K11: =IF('Fluxo de Caixa'!$B11="","",IF('Fluxo de Caixa'!$A11=1,-SUM('Investimentos'!$H$3:$H$102),0)) | L11: =IF('Fluxo de Caixa'!$B11="","",'Fluxo de Caixa'!$J11+'Fluxo de Caixa'!$K11) | M11: =IF('Fluxo de Caixa'!$B11="","",SUM('Fluxo de Caixa'!$L$3:'Fluxo de Caixa'!$L11)) | N11: =IF('Fluxo de Caixa'!$B11="","",IFERROR('Fluxo de Caixa'!$L11/'Fluxo de Caixa'!$E11,0)) | O11: =IF('Fluxo de Caixa'!$B11="","",IF('Fluxo de Caixa'!$L11>=0,"Positivo","Atenção")) | P11: REC | Q11: =IF('Fluxo de Caixa'!$P11="","",IFERROR(VLOOKUP('Fluxo de Caixa'!$P11,'Premissas'!$E$5:$G$8,2,FALSE),"")) | R11: =IF('Fluxo de Caixa'!$P11="","",IFERROR(VLOOKUP('Fluxo de Caixa'!$P11,'Premissas'!$E$5:$G$8,3,FALSE),"")) | S11: =IF('Fluxo de Caixa'!$B11="","",IF('Fluxo de Caixa'!$M11>=0,1,0))
A12: =IF('Fluxo de Caixa'!$B12="","",'Fluxo de Caixa'!$A11+1) | B12: 46296 | C12: =IF('Fluxo de Caixa'!$B12="","",IF('Fluxo de Caixa'!$C11="",'Premissas'!$B$11,ROUND('Fluxo de Caixa'!$C11*(1+'Premissas'!$B$12),0))) | D12: =IF('Fluxo de Caixa'!$B12="","",'Premissas'!$B$10) | E12: =IF('Fluxo de Caixa'!$B12="","",'Fluxo de Caixa'!$C12*'Fluxo de Caixa'!$D12) | F12: =IF('Fluxo de Caixa'!$B12="","",'Fluxo de Caixa'!$C12*'Premissas'!$B$13) | G12: =IF('Fluxo de Caixa'!$B12="","",'Premissas'!$B$14) | H12: 0 | I12: =IF('Fluxo de Caixa'!$B12="","",'Fluxo de Caixa'!$E12*'Premissas'!$B$16) | J12: =IF('Fluxo de Caixa'!$B12="","",'Fluxo de Caixa'!$E12-'Fluxo de Caixa'!$F12-'Fluxo de Caixa'!$G12-'Fluxo de Caixa'!$H12-'Fluxo de Caixa'!$I12) | K12: =IF('Fluxo de Caixa'!$B12="","",IF('Fluxo de Caixa'!$A12=1,-SUM('Investimentos'!$H$3:$H$102),0)) | L12: =IF('Fluxo de Caixa'!$B12="","",'Fluxo de Caixa'!$J12+'Fluxo de Caixa'!$K12) | M12: =IF('Fluxo de Caixa'!$B12="","",SUM('Fluxo de Caixa'!$L$3:'Fluxo de Caixa'!$L12)) | N12: =IF('Fluxo de Caixa'!$B12="","",IFERROR('Fluxo de Caixa'!$L12/'Fluxo de Caixa'!$E12,0)) | O12: =IF('Fluxo de Caixa'!$B12="","",IF('Fluxo de Caixa'!$L12>=0,"Positivo","Atenção")) | P12: REC | Q12: =IF('Fluxo de Caixa'!$P12="","",IFERROR(VLOOKUP('Fluxo de Caixa'!$P12,'Premissas'!$E$5:$G$8,2,FALSE),"")) | R12: =IF('Fluxo de Caixa'!$P12="","",IFERROR(VLOOKUP('Fluxo de Caixa'!$P12,'Premissas'!$E$5:$G$8,3,FALSE),"")) | S12: =IF('Fluxo de Caixa'!$B12="","",IF('Fluxo de Caixa'!$M12>=0,1,0))
A13: =IF('Fluxo de Caixa'!$B13="","",'Fluxo de Caixa'!$A12+1) | C13: =IF('Fluxo de Caixa'!$B13="","",IF('Fluxo de Caixa'!$C12="",'Premissas'!$B$11,ROUND('Fluxo de Caixa'!$C12*(1+'Premissas'!$B$12),0))) | D13: =IF('Fluxo de Caixa'!$B13="","",'Premissas'!$B$10) | E13: =IF('Fluxo de Caixa'!$B13="","",'Fluxo de Caixa'!$C13*'Fluxo de Caixa'!$D13) | F13: =IF('Fluxo de Caixa'!$B13="","",'Fluxo de Caixa'!$C13*'Premissas'!$B$13) | G13: =IF('Fluxo de Caixa'!$B13="","",'Premissas'!$B$14) | I13: =IF('Fluxo de Caixa'!$B13="","",'Fluxo de Caixa'!$E13*'Premissas'!$B$16) | J13: =IF('Fluxo de Caixa'!$B13="","",'Fluxo de Caixa'!$E13-'Fluxo de Caixa'!$F13-'Fluxo de Caixa'!$G13-'Fluxo de Caixa'!$H13-'Fluxo de Caixa'!$I13) | K13: =IF('Fluxo de Caixa'!$B13="","",IF('Fluxo de Caixa'!$A13=1,-SUM('Investimentos'!$H$3:$H$102),0)) | L13: =IF('Fluxo de Caixa'!$B13="","",'Fluxo de Caixa'!$J13+'Fluxo de Caixa'!$K13) | M13: =IF('Fluxo de Caixa'!$B13="","",SUM('Fluxo de Caixa'!$L$3:'Fluxo de Caixa'!$L13)) | N13: =IF('Fluxo de Caixa'!$B13="","",IFERROR('Fluxo de Caixa'!$L13/'Fluxo de Caixa'!$E13,0)) | O13: =IF('Fluxo de Caixa'!$B13="","",IF('Fluxo de Caixa'!$L13>=0,"Positivo","Atenção")) | Q13: =IF('Fluxo de Caixa'!$P13="","",IFERROR(VLOOKUP('Fluxo de Caixa'!$P13,'Premissas'!$E$5:$G$8,2,FALSE),"")) | R13: =IF('Fluxo de Caixa'!$P13="","",IFERROR(VLOOKUP('Fluxo de Caixa'!$P13,'Premissas'!$E$5:$G$8,3,FALSE),"")) | S13: =IF('Fluxo de Caixa'!$B13="","",IF('Fluxo de Caixa'!$M13>=0,1,0))
A14: =IF('Fluxo de Caixa'!$B14="","",'Fluxo de Caixa'!$A13+1) | C14: =IF('Fluxo de Caixa'!$B14="","",IF('Fluxo de Caixa'!$C13="",'Premissas'!$B$11,ROUND('Fluxo de Caixa'!$C13*(1+'Premissas'!$B$12),0))) | D14: =IF('Fluxo de Caixa'!$B14="","",'Premissas'!$B$10) | E14: =IF('Fluxo de Caixa'!$B14="","",'Fluxo de Caixa'!$C14*'Fluxo de Caixa'!$D14) | F14: =IF('Fluxo de Caixa'!$B14="","",'Fluxo de Caixa'!$C14*'Premissas'!$B$13) | G14: =IF('Fluxo de Caixa'!$B14="","",'Premissas'!$B$14) | I14: =IF('Fluxo de Caixa'!$B14="","",'Fluxo de Caixa'!$E14*'Premissas'!$B$16) | J14: =IF('Fluxo de Caixa'!$B14="","",'Fluxo de Caixa'!$E14-'Fluxo de Caixa'!$F14-'Fluxo de Caixa'!$G14-'Fluxo de Caixa'!$H14-'Fluxo de Caixa'!$I14) | K14: =IF('Fluxo de Caixa'!$B14="","",IF('Fluxo de Caixa'!$A14=1,-SUM('Investimentos'!$H$3:$H$102),0)) | L14: =IF('Fluxo de Caixa'!$B14="","",'Fluxo de Caixa'!$J14+'Fluxo de Caixa'!$K14) | M14: =IF('Fluxo de Caixa'!$B14="","",SUM('Fluxo de Caixa'!$L$3:'Fluxo de Caixa'!$L14)) | N14: =IF('Fluxo de Caixa'!$B14="","",IFERROR('Fluxo de Caixa'!$L14/'Fluxo de Caixa'!$E14,0)) | O14: =IF('Fluxo de Caixa'!$B14="","",IF('Fluxo de Caixa'!$L14>=0,"Positivo","Atenção")) | Q14: =IF('Fluxo de Caixa'!$P14="","",IFERROR(VLOOKUP('Fluxo de Caixa'!$P14,'Premissas'!$E$5:$G$8,2,FALSE),"")) | R14: =IF('Fluxo de Caixa'!$P14="","",IFERROR(VLOOKUP('Fluxo de Caixa'!$P14,'Premissas'!$E$5:$G$8,3,FALSE),"")) | S14: =IF('Fluxo de Caixa'!$B14="","",IF('Fluxo de Caixa'!$M14>=0,1,0))
A15: =IF('Fluxo de Caixa'!$B15="","",'Fluxo de Caixa'!$A14+1) | C15: =IF('Fluxo de Caixa'!$B15="","",IF('Fluxo de Caixa'!$C14="",'Premissas'!$B$11,ROUND('Fluxo de Caixa'!$C14*(1+'Premissas'!$B$12),0))) | D15: =IF('Fluxo de Caixa'!$B15="","",'Premissas'!$B$10) | E15: =IF('Fluxo de Caixa'!$B15="","",'Fluxo de Caixa'!$C15*'Fluxo de Caixa'!$D15) | F15: =IF('Fluxo de Caixa'!$B15="","",'Fluxo de Caixa'!$C15*'Premissas'!$B$13) | G15: =IF('Fluxo de Caixa'!$B15="","",'Premissas'!$B$14) | I15: =IF('Fluxo de Caixa'!$B15="","",'Fluxo de Caixa'!$E15*'Premissas'!$B$16) | J15: =IF('Fluxo de Caixa'!$B15="","",'Fluxo de Caixa'!$E15-'Fluxo de Caixa'!$F15-'Fluxo de Caixa'!$G15-'Fluxo de Caixa'!$H15-'Fluxo de Caixa'!$I15) | K15: =IF('Fluxo de Caixa'!$B15="","",IF('Fluxo de Caixa'!$A15=1,-SUM('Investimentos'!$H$3:$H$102),0)) | L15: =IF('Fluxo de Caixa'!$B15="","",'Fluxo de Caixa'!$J15+'Fluxo de Caixa'!$K15) | M15: =IF('Fluxo de Caixa'!$B15="","",SUM('Fluxo de Caixa'!$L$3:'Fluxo de Caixa'!$L15)) | N15: =IF('Fluxo de Caixa'!$B15="","",IFERROR('Fluxo de Caixa'!$L15/'Fluxo de Caixa'!$E15,0)) | O15: =IF('Fluxo de Caixa'!$B15="","",IF('Fluxo de Caixa'!$L15>=0,"Positivo","Atenção")) | Q15: =IF('Fluxo de Caixa'!$P15="","",IFERROR(VLOOKUP('Fluxo de Caixa'!$P15,'Premissas'!$E$5:$G$8,2,FALSE),"")) | R15: =IF('Fluxo de Caixa'!$P15="","",IFERROR(VLOOKUP('Fluxo de Caixa'!$P15,'Premissas'!$E$5:$G$8,3,FALSE),"")) | S15: =IF('Fluxo de Caixa'!$B15="","",IF('Fluxo de Caixa'!$M15>=0,1,0))
A16: =IF('Fluxo de Caixa'!$B16="","",'Fluxo de Caixa'!$A15+1) | C16: =IF('Fluxo de Caixa'!$B16="","",IF('Fluxo de Caixa'!$C15="",'Premissas'!$B$11,ROUND('Fluxo de Caixa'!$C15*(1+'Premissas'!$B$12),0))) | D16: =IF('Fluxo de Caixa'!$B16="","",'Premissas'!$B$10) | E16: =IF('Fluxo de Caixa'!$B16="","",'Fluxo de Caixa'!$C16*'Fluxo de Caixa'!$D16) | F16: =IF('Fluxo de Caixa'!$B16="","",'Fluxo de Caixa'!$C16*'Premissas'!$B$13) | G16: =IF('Fluxo de Caixa'!$B16="","",'Premissas'!$B$14) | I16: =IF('Fluxo de Caixa'!$B16="","",'Fluxo de Caixa'!$E16*'Premissas'!$B$16) | J16: =IF('Fluxo de Caixa'!$B16="","",'Fluxo de Caixa'!$E16-'Fluxo de Caixa'!$F16-'Fluxo de Caixa'!$G16-'Fluxo de Caixa'!$H16-'Fluxo de Caixa'!$I16) | K16: =IF('Fluxo de Caixa'!$B16="","",IF('Fluxo de Caixa'!$A16=1,-SUM('Investimentos'!$H$3:$H$102),0)) | L16: =IF('Fluxo de Caixa'!$B16="","",'Fluxo de Caixa'!$J16+'Fluxo de Caixa'!$K16) | M16: =IF('Fluxo de Caixa'!$B16="","",SUM('Fluxo de Caixa'!$L$3:'Fluxo de Caixa'!$L16)) | N16: =IF('Fluxo de Caixa'!$B16="","",IFERROR('Fluxo de Caixa'!$L16/'Fluxo de Caixa'!$E16,0)) | O16: =IF('Fluxo de Caixa'!$B16="","",IF('Fluxo de Caixa'!$L16>=0,"Positivo","Atenção")) | Q16: =IF('Fluxo de Caixa'!$P16="","",IFERROR(VLOOKUP('Fluxo de Caixa'!$P16,'Premissas'!$E$5:$G$8,2,FALSE),"")) | R16: =IF('Fluxo de Caixa'!$P16="","",IFERROR(VLOOKUP('Fluxo de Caixa'!$P16,'Premissas'!$E$5:$G$8,3,FALSE),"")) | S16: =IF('Fluxo de Caixa'!$B16="","",IF('Fluxo de Caixa'!$M16>=0,1,0))
A17: =IF('Fluxo de Caixa'!$B17="","",'Fluxo de Caixa'!$A16+1) | C17: =IF('Fluxo de Caixa'!$B17="","",IF('Fluxo de Caixa'!$C16="",'Premissas'!$B$11,ROUND('Fluxo de Caixa'!$C16*(1+'Premissas'!$B$12),0))) | D17: =IF('Fluxo de Caixa'!$B17="","",'Premissas'!$B$10) | E17: =IF('Fluxo de Caixa'!$B17="","",'Fluxo de Caixa'!$C17*'Fluxo de Caixa'!$D17) | F17: =IF('Fluxo de Caixa'!$B17="","",'Fluxo de Caixa'!$C17*'Premissas'!$B$13) | G17: =IF('Fluxo de Caixa'!$B17="","",'Premissas'!$B$14) | I17: =IF('Fluxo de Caixa'!$B17="","",'Fluxo de Caixa'!$E17*'Premissas'!$B$16) | J17: =IF('Fluxo de Caixa'!$B17="","",'Fluxo de Caixa'!$E17-'Fluxo de Caixa'!$F17-'Fluxo de Caixa'!$G17-'Fluxo de Caixa'!$H17-'Fluxo de Caixa'!$I17) | K17: =IF('Fluxo de Caixa'!$B17="","",IF('Fluxo de Caixa'!$A17=1,-SUM('Investimentos'!$H$3:$H$102),0)) | L17: =IF('Fluxo de Caixa'!$B17="","",'Fluxo de Caixa'!$J17+'Fluxo de Caixa'!$K17) | M17: =IF('Fluxo de Caixa'!$B17="","",SUM('Fluxo de Caixa'!$L$3:'Fluxo de Caixa'!$L17)) | N17: =IF('Fluxo de Caixa'!$B17="","",IFERROR('Fluxo de Caixa'!$L17/'Fluxo de Caixa'!$E17,0)) | O17: =IF('Fluxo de Caixa'!$B17="","",IF('Fluxo de Caixa'!$L17>=0,"Positivo","Atenção")) | Q17: =IF('Fluxo de Caixa'!$P17="","",IFERROR(VLOOKUP('Fluxo de Caixa'!$P17,'Premissas'!$E$5:$G$8,2,FALSE),"")) | R17: =IF('Fluxo de Caixa'!$P17="","",IFERROR(VLOOKUP('Fluxo de Caixa'!$P17,'Premissas'!$E$5:$G$8,3,FALSE),"")) | S17: =IF('Fluxo de Caixa'!$B17="","",IF('Fluxo de Caixa'!$M17>=0,1,0))
A18: =IF('Fluxo de Caixa'!$B18="","",'Fluxo de Caixa'!$A17+1) | C18: =IF('Fluxo de Caixa'!$B18="","",IF('Fluxo de Caixa'!$C17="",'Premissas'!$B$11,ROUND('Fluxo de Caixa'!$C17*(1+'Premissas'!$B$12),0))) | D18: =IF('Fluxo de Caixa'!$B18="","",'Premissas'!$B$10) | E18: =IF('Fluxo de Caixa'!$B18="","",'Fluxo de Caixa'!$C18*'Fluxo de Caixa'!$D18) | F18: =IF('Fluxo de Caixa'!$B18="","",'Fluxo de Caixa'!$C18*'Premissas'!$B$13) | G18: =IF('Fluxo de Caixa'!$B18="","",'Premissas'!$B$14) | I18: =IF('Fluxo de Caixa'!$B18="","",'Fluxo de Caixa'!$E18*'Premissas'!$B$16) | J18: =IF('Fluxo de Caixa'!$B18="","",'Fluxo de Caixa'!$E18-'Fluxo de Caixa'!$F18-'Fluxo de Caixa'!$G18-'Fluxo de Caixa'!$H18-'Fluxo de Caixa'!$I18) | K18: =IF('Fluxo de Caixa'!$B18="","",IF('Fluxo de Caixa'!$A18=1,-SUM('Investimentos'!$H$3:$H$102),0)) | L18: =IF('Fluxo de Caixa'!$B18="","",'Fluxo de Caixa'!$J18+'Fluxo de Caixa'!$K18) | M18: =IF('Fluxo de Caixa'!$B18="","",SUM('Fluxo de Caixa'!$L$3:'Fluxo de Caixa'!$L18)) | N18: =IF('Fluxo de Caixa'!$B18="","",IFERROR('Fluxo de Caixa'!$L18/'Fluxo de Caixa'!$E18,0)) | O18: =IF('Fluxo de Caixa'!$B18="","",IF('Fluxo de Caixa'!$L18>=0,"Positivo","Atenção")) | Q18: =IF('Fluxo de Caixa'!$P18="","",IFERROR(VLOOKUP('Fluxo de Caixa'!$P18,'Premissas'!$E$5:$G$8,2,FALSE),"")) | R18: =IF('Fluxo de Caixa'!$P18="","",IFERROR(VLOOKUP('Fluxo de Caixa'!$P18,'Premissas'!$E$5:$G$8,3,FALSE),"")) | S18: =IF('Fluxo de Caixa'!$B18="","",IF('Fluxo de Caixa'!$M18>=0,1,0))
A19: =IF('Fluxo de Caixa'!$B19="","",'Fluxo de Caixa'!$A18+1) | C19: =IF('Fluxo de Caixa'!$B19="","",IF('Fluxo de Caixa'!$C18="",'Premissas'!$B$11,ROUND('Fluxo de Caixa'!$C18*(1+'Premissas'!$B$12),0))) | D19: =IF('Fluxo de Caixa'!$B19="","",'Premissas'!$B$10) | E19: =IF('Fluxo de Caixa'!$B19="","",'Fluxo de Caixa'!$C19*'Fluxo de Caixa'!$D19) | F19: =IF('Fluxo de Caixa'!$B19="","",'Fluxo de Caixa'!$C19*'Premissas'!$B$13) | G19: =IF('Fluxo de Caixa'!$B19="","",'Premissas'!$B$14) | I19: =IF('Fluxo de Caixa'!$B19="","",'Fluxo de Caixa'!$E19*'Premissas'!$B$16) | J19: =IF('Fluxo de Caixa'!$B19="","",'Fluxo de Caixa'!$E19-'Fluxo de Caixa'!$F19-'Fluxo de Caixa'!$G19-'Fluxo de Caixa'!$H19-'Fluxo de Caixa'!$I19) | K19: =IF('Fluxo de Caixa'!$B19="","",IF('Fluxo de Caixa'!$A19=1,-SUM('Investimentos'!$H$3:$H$102),0)) | L19: =IF('Fluxo de Caixa'!$B19="","",'Fluxo de Caixa'!$J19+'Fluxo de Caixa'!$K19) | M19: =IF('Fluxo de Caixa'!$B19="","",SUM('Fluxo de Caixa'!$L$3:'Fluxo de Caixa'!$L19)) | N19: =IF('Fluxo de Caixa'!$B19="","",IFERROR('Fluxo de Caixa'!$L19/'Fluxo de Caixa'!$E19,0)) | O19: =IF('Fluxo de Caixa'!$B19="","",IF('Fluxo de Caixa'!$L19>=0,"Positivo","Atenção")) | Q19: =IF('Fluxo de Caixa'!$P19="","",IFERROR(VLOOKUP('Fluxo de Caixa'!$P19,'Premissas'!$E$5:$G$8,2,FALSE),"")) | R19: =IF('Fluxo de Caixa'!$P19="","",IFERROR(VLOOKUP('Fluxo de Caixa'!$P19,'Premissas'!$E$5:$G$8,3,FALSE),"")) | S19: =IF('Fluxo de Caixa'!$B19="","",IF('Fluxo de Caixa'!$M19>=0,1,0))
A20: =IF('Fluxo de Caixa'!$B20="","",'Fluxo de Caixa'!$A19+1) | C20: =IF('Fluxo de Caixa'!$B20="","",IF('Fluxo de Caixa'!$C19="",'Premissas'!$B$11,ROUND('Fluxo de Caixa'!$C19*(1+'Premissas'!$B$12),0))) | D20: =IF('Fluxo de Caixa'!$B20="","",'Premissas'!$B$10) | E20: =IF('Fluxo de Caixa'!$B20="","",'Fluxo de Caixa'!$C20*'Fluxo de Caixa'!$D20) | F20: =IF('Fluxo de Caixa'!$B20="","",'Fluxo de Caixa'!$C20*'Premissas'!$B$13) | G20: =IF('Fluxo de Caixa'!$B20="","",'Premissas'!$B$14) | I20: =IF('Fluxo de Caixa'!$B20="","",'Fluxo de Caixa'!$E20*'Premissas'!$B$16) | J20: =IF('Fluxo de Caixa'!$B20="","",'Fluxo de Caixa'!$E20-'Fluxo de Caixa'!$F20-'Fluxo de Caixa'!$G20-'Fluxo de Caixa'!$H20-'Fluxo de Caixa'!$I20) | K20: =IF('Fluxo de Caixa'!$B20="","",IF('Fluxo de Caixa'!$A20=1,-SUM('Investimentos'!$H$3:$H$102),0)) | L20: =IF('Fluxo de Caixa'!$B20="","",'Fluxo de Caixa'!$J20+'Fluxo de Caixa'!$K20) | M20: =IF('Fluxo de Caixa'!$B20="","",SUM('Fluxo de Caixa'!$L$3:'Fluxo de Caixa'!$L20)) | N20: =IF('Fluxo de Caixa'!$B20="","",IFERROR('Fluxo de Caixa'!$L20/'Fluxo de Caixa'!$E20,0)) | O20: =IF('Fluxo de Caixa'!$B20="","",IF('Fluxo de Caixa'!$L20>=0,"Positivo","Atenção")) | Q20: =IF('Fluxo de Caixa'!$P20="","",IFERROR(VLOOKUP('Fluxo de Caixa'!$P20,'Premissas'!$E$5:$G$8,2,FALSE),"")) | R20: =IF('Fluxo de Caixa'!$P20="","",IFERROR(VLOOKUP('Fluxo de Caixa'!$P20,'Premissas'!$E$5:$G$8,3,FALSE),"")) | S20: =IF('Fluxo de Caixa'!$B20="","",IF('Fluxo de Caixa'!$M20>=0,1,0))
A21: =IF('Fluxo de Caixa'!$B21="","",'Fluxo de Caixa'!$A20+1) | C21: =IF('Fluxo de Caixa'!$B21="","",IF('Fluxo de Caixa'!$C20="",'Premissas'!$B$11,ROUND('Fluxo de Caixa'!$C20*(1+'Premissas'!$B$12),0))) | D21: =IF('Fluxo de Caixa'!$B21="","",'Premissas'!$B$10) | E21: =IF('Fluxo de Caixa'!$B21="","",'Fluxo de Caixa'!$C21*'Fluxo de Caixa'!$D21) | F21: =IF('Fluxo de Caixa'!$B21="","",'Fluxo de Caixa'!$C21*'Premissas'!$B$13) | G21: =IF('Fluxo de Caixa'!$B21="","",'Premissas'!$B$14) | I21: =IF('Fluxo de Caixa'!$B21="","",'Fluxo de Caixa'!$E21*'Premissas'!$B$16) | J21: =IF('Fluxo de Caixa'!$B21="","",'Fluxo de Caixa'!$E21-'Fluxo de Caixa'!$F21-'Fluxo de Caixa'!$G21-'Fluxo de Caixa'!$H21-'Fluxo de Caixa'!$I21) | K21: =IF('Fluxo de Caixa'!$B21="","",IF('Fluxo de Caixa'!$A21=1,-SUM('Investimentos'!$H$3:$H$102),0)) | L21: =IF('Fluxo de Caixa'!$B21="","",'Fluxo de Caixa'!$J21+'Fluxo de Caixa'!$K21) | M21: =IF('Fluxo de Caixa'!$B21="","",SUM('Fluxo de Caixa'!$L$3:'Fluxo de Caixa'!$L21)) | N21: =IF('Fluxo de Caixa'!$B21="","",IFERROR('Fluxo de Caixa'!$L21/'Fluxo de Caixa'!$E21,0)) | O21: =IF('Fluxo de Caixa'!$B21="","",IF('Fluxo de Caixa'!$L21>=0,"Positivo","Atenção")) | Q21: =IF('Fluxo de Caixa'!$P21="","",IFERROR(VLOOKUP('Fluxo de Caixa'!$P21,'Premissas'!$E$5:$G$8,2,FALSE),"")) | R21: =IF('Fluxo de Caixa'!$P21="","",IFERROR(VLOOKUP('Fluxo de Caixa'!$P21,'Premissas'!$E$5:$G$8,3,FALSE),"")) | S21: =IF('Fluxo de Caixa'!$B21="","",IF('Fluxo de Caixa'!$M21>=0,1,0))
A22: =IF('Fluxo de Caixa'!$B22="","",'Fluxo de Caixa'!$A21+1) | C22: =IF('Fluxo de Caixa'!$B22="","",IF('Fluxo de Caixa'!$C21="",'Premissas'!$B$11,ROUND('Fluxo de Caixa'!$C21*(1+'Premissas'!$B$12),0))) | D22: =IF('Fluxo de Caixa'!$B22="","",'Premissas'!$B$10) | E22: =IF('Fluxo de Caixa'!$B22="","",'Fluxo de Caixa'!$C22*'Fluxo de Caixa'!$D22) | F22: =IF('Fluxo de Caixa'!$B22="","",'Fluxo de Caixa'!$C22*'Premissas'!$B$13) | G22: =IF('Fluxo de Caixa'!$B22="","",'Premissas'!$B$14) | I22: =IF('Fluxo de Caixa'!$B22="","",'Fluxo de Caixa'!$E22*'Premissas'!$B$16) | J22: =IF('Fluxo de Caixa'!$B22="","",'Fluxo de Caixa'!$E22-'Fluxo de Caixa'!$F22-'Fluxo de Caixa'!$G22-'Fluxo de Caixa'!$H22-'Fluxo de Caixa'!$I22) | K22: =IF('Fluxo de Caixa'!$B22="","",IF('Fluxo de Caixa'!$A22=1,-SUM('Investimentos'!$H$3:$H$102),0)) | L22: =IF('Fluxo de Caixa'!$B22="","",'Fluxo de Caixa'!$J22+'Fluxo de Caixa'!$K22) | M22: =IF('Fluxo de Caixa'!$B22="","",SUM('Fluxo de Caixa'!$L$3:'Fluxo de Caixa'!$L22)) | N22: =IF('Fluxo de Caixa'!$B22="","",IFERROR('Fluxo de Caixa'!$L22/'Fluxo de Caixa'!$E22,0)) | O22: =IF('Fluxo de Caixa'!$B22="","",IF('Fluxo de Caixa'!$L22>=0,"Positivo","Atenção")) | Q22: =IF('Fluxo de Caixa'!$P22="","",IFERROR(VLOOKUP('Fluxo de Caixa'!$P22,'Premissas'!$E$5:$G$8,2,FALSE),"")) | R22: =IF('Fluxo de Caixa'!$P22="","",IFERROR(VLOOKUP('Fluxo de Caixa'!$P22,'Premissas'!$E$5:$G$8,3,FALSE),"")) | S22: =IF('Fluxo de Caixa'!$B22="","",IF('Fluxo de Caixa'!$M22>=0,1,0))
A23: =IF('Fluxo de Caixa'!$B23="","",'Fluxo de Caixa'!$A22+1) | C23: =IF('Fluxo de Caixa'!$B23="","",IF('Fluxo de Caixa'!$C22="",'Premissas'!$B$11,ROUND('Fluxo de Caixa'!$C22*(1+'Premissas'!$B$12),0))) | D23: =IF('Fluxo de Caixa'!$B23="","",'Premissas'!$B$10) | E23: =IF('Fluxo de Caixa'!$B23="","",'Fluxo de Caixa'!$C23*'Fluxo de Caixa'!$D23) | F23: =IF('Fluxo de Caixa'!$B23="","",'Fluxo de Caixa'!$C23*'Premissas'!$B$13) | G23: =IF('Fluxo de Caixa'!$B23="","",'Premissas'!$B$14) | I23: =IF('Fluxo de Caixa'!$B23="","",'Fluxo de Caixa'!$E23*'Premissas'!$B$16) | J23: =IF('Fluxo de Caixa'!$B23="","",'Fluxo de Caixa'!$E23-'Fluxo de Caixa'!$F23-'Fluxo de Caixa'!$G23-'Fluxo de Caixa'!$H23-'Fluxo de Caixa'!$I23) | K23: =IF('Fluxo de Caixa'!$B23="","",IF('Fluxo de Caixa'!$A23=1,-SUM('Investimentos'!$H$3:$H$102),0)) | L23: =IF('Fluxo de Caixa'!$B23="","",'Fluxo de Caixa'!$J23+'Fluxo de Caixa'!$K23) | M23: =IF('Fluxo de Caixa'!$B23="","",SUM('Fluxo de Caixa'!$L$3:'Fluxo de Caixa'!$L23)) | N23: =IF('Fluxo de Caixa'!$B23="","",IFERROR('Fluxo de Caixa'!$L23/'Fluxo de Caixa'!$E23,0)) | O23: =IF('Fluxo de Caixa'!$B23="","",IF('Fluxo de Caixa'!$L23>=0,"Positivo","Atenção")) | Q23: =IF('Fluxo de Caixa'!$P23="","",IFERROR(VLOOKUP('Fluxo de Caixa'!$P23,'Premissas'!$E$5:$G$8,2,FALSE),"")) | R23: =IF('Fluxo de Caixa'!$P23="","",IFERROR(VLOOKUP('Fluxo de Caixa'!$P23,'Premissas'!$E$5:$G$8,3,FALSE),"")) | S23: =IF('Fluxo de Caixa'!$B23="","",IF('Fluxo de Caixa'!$M23>=0,1,0))
A24: =IF('Fluxo de Caixa'!$B24="","",'Fluxo de Caixa'!$A23+1) | C24: =IF('Fluxo de Caixa'!$B24="","",IF('Fluxo de Caixa'!$C23="",'Premissas'!$B$11,ROUND('Fluxo de Caixa'!$C23*(1+'Premissas'!$B$12),0))) | D24: =IF('Fluxo de Caixa'!$B24="","",'Premissas'!$B$10) | E24: =IF('Fluxo de Caixa'!$B24="","",'Fluxo de Caixa'!$C24*'Fluxo de Caixa'!$D24) | F24: =IF('Fluxo de Caixa'!$B24="","",'Fluxo de Caixa'!$C24*'Premissas'!$B$13) | G24: =IF('Fluxo de Caixa'!$B24="","",'Premissas'!$B$14) | I24: =IF('Fluxo de Caixa'!$B24="","",'Fluxo de Caixa'!$E24*'Premissas'!$B$16) | J24: =IF('Fluxo de Caixa'!$B24="","",'Fluxo de Caixa'!$E24-'Fluxo de Caixa'!$F24-'Fluxo de Caixa'!$G24-'Fluxo de Caixa'!$H24-'Fluxo de Caixa'!$I24) | K24: =IF('Fluxo de Caixa'!$B24="","",IF('Fluxo de Caixa'!$A24=1,-SUM('Investimentos'!$H$3:$H$102),0)) | L24: =IF('Fluxo de Caixa'!$B24="","",'Fluxo de Caixa'!$J24+'Fluxo de Caixa'!$K24) | M24: =IF('Fluxo de Caixa'!$B24="","",SUM('Fluxo de Caixa'!$L$3:'Fluxo de Caixa'!$L24)) | N24: =IF('Fluxo de Caixa'!$B24="","",IFERROR('Fluxo de Caixa'!$L24/'Fluxo de Caixa'!$E24,0)) | O24: =IF('Fluxo de Caixa'!$B24="","",IF('Fluxo de Caixa'!$L24>=0,"Positivo","Atenção")) | Q24: =IF('Fluxo de Caixa'!$P24="","",IFERROR(VLOOKUP('Fluxo de Caixa'!$P24,'Premissas'!$E$5:$G$8,2,FALSE),"")) | R24: =IF('Fluxo de Caixa'!$P24="","",IFERROR(VLOOKUP('Fluxo de Caixa'!$P24,'Premissas'!$E$5:$G$8,3,FALSE),"")) | S24: =IF('Fluxo de Caixa'!$B24="","",IF('Fluxo de Caixa'!$M24>=0,1,0))
... A102: =IF('Fluxo de Caixa'!$B102="","",'Fluxo de Caixa'!$A101+1) | C102: =IF('Fluxo de Caixa'!$B102="","",IF('Fluxo de Caixa'!$C101="",'Premissas'!$B$11,ROUND('Fluxo de Caixa'!$C101*(1+'Premissas'!$B$12),0))) | D102: =IF('Fluxo de Caixa'!$B102="","",'Premissas'!$B$10) | E102: =IF('Fluxo de Caixa'!$B102="","",'Fluxo de Caixa'!$C102*'Fluxo de Caixa'!$D102) | F102: =IF('Fluxo de Caixa'!$B102="","",'Fluxo de Caixa'!$C102*'Premissas'!$B$13) | G102: =IF('Fluxo de Caixa'!$B102="","",'Premissas'!$B$14) | I102: =IF('Fluxo de Caixa'!$B102="","",'Fluxo de Caixa'!$E102*'Premissas'!$B$16) | J102: =IF('Fluxo de Caixa'!$B102="","",'Fluxo de Caixa'!$E102-'Fluxo de Caixa'!$F102-'Fluxo de Caixa'!$G102-'Fluxo de Caixa'!$H102-'Fluxo de Caixa'!$I102) | K102: =IF('Fluxo de Caixa'!$B102="","",IF('Fluxo de Caixa'!$A102=1,-SUM('Investimentos'!$H$3:$H$102),0)) | L102: =IF('Fluxo de Caixa'!$B102="","",'Fluxo de Caixa'!$J102+'Fluxo de Caixa'!$K102) | M102: =IF('Fluxo de Caixa'!$B102="","",SUM('Fluxo de Caixa'!$L$3:'Fluxo de Caixa'!$L102)) | N102: =IF('Fluxo de Caixa'!$B102="","",IFERROR('Fluxo de Caixa'!$L102/'Fluxo de Caixa'!$E102,0)) | O102: =IF('Fluxo de Caixa'!$B102="","",IF('Fluxo de Caixa'!$L102>=0,"Positivo","Atenção")) | Q102: =IF('Fluxo de Caixa'!$P102="","",IFERROR(VLOOKUP('Fluxo de Caixa'!$P102,'Premissas'!$E$5:$G$8,2,FALSE),"")) | R102: =IF('Fluxo de Caixa'!$P102="","",IFERROR(VLOOKUP('Fluxo de Caixa'!$P102,'Premissas'!$E$5:$G$8,3,FALSE),"")) | S102: =IF('Fluxo de Caixa'!$B102="","",IF('Fluxo de Caixa'!$M102>=0,1,0))

Sheet Dashboard
A1: Dashboard Executivo — Viabilidade Econômica
A2: Visão consolidada para apoiar a decisão sobre o projeto.
A3: Indicador | B3: Resultado | N3: Mês | O3: Receita bruta | P3: Custos | Q3: Fluxo líquido | R3: Fluxo acumulado
A4: Investimento total | B4: =SUM('Investimentos'!$H$3:$H$102) | N4: =IF('Fluxo de Caixa'!$B3="","",'Fluxo de Caixa'!$B3) | O4: =IF('Fluxo de Caixa'!$B3="","",'Fluxo de Caixa'!$E3) | P4: =IF('Fluxo de Caixa'!$B3="","",'Fluxo de Caixa'!$F3+'Fluxo de Caixa'!$G3) | Q4: =IF('Fluxo de Caixa'!$B3="","",'Fluxo de Caixa'!$L3) | R4: =IF('Fluxo de Caixa'!$B3="","",'Fluxo de Caixa'!$M3)
A5: Receita acumulada | B5: =SUM('Fluxo de Caixa'!$E$3:$E$102) | N5: =IF('Fluxo de Caixa'!$B4="","",'Fluxo de Caixa'!$B4) | O5: =IF('Fluxo de Caixa'!$B4="","",'Fluxo de Caixa'!$E4) | P5: =IF('Fluxo de Caixa'!$B4="","",'Fluxo de Caixa'!$F4+'Fluxo de Caixa'!$G4) | Q5: =IF('Fluxo de Caixa'!$B4="","",'Fluxo de Caixa'!$L4) | R5: =IF('Fluxo de Caixa'!$B4="","",'Fluxo de Caixa'!$M4)
A6: Custos acumulados | B6: =SUM('Fluxo de Caixa'!$F$3:$G$102) | N6: =IF('Fluxo de Caixa'!$B5="","",'Fluxo de Caixa'!$B5) | O6: =IF('Fluxo de Caixa'!$B5="","",'Fluxo de Caixa'!$E5) | P6: =IF('Fluxo de Caixa'!$B5="","",'Fluxo de Caixa'!$F5+'Fluxo de Caixa'!$G5) | Q6: =IF('Fluxo de Caixa'!$B5="","",'Fluxo de Caixa'!$L5) | R6: =IF('Fluxo de Caixa'!$B5="","",'Fluxo de Caixa'!$M5)
A7: Lucro líquido acumulado | B7: =SUM('Fluxo de Caixa'!$L$3:$L$102) | N7: =IF('Fluxo de Caixa'!$B6="","",'Fluxo de Caixa'!$B6) | O7: =IF('Fluxo de Caixa'!$B6="","",'Fluxo de Caixa'!$E6) | P7: =IF('Fluxo de Caixa'!$B6="","",'Fluxo de Caixa'!$F6+'Fluxo de Caixa'!$G6) | Q7: =IF('Fluxo de Caixa'!$B6="","",'Fluxo de Caixa'!$L6) | R7: =IF('Fluxo de Caixa'!$B6="","",'Fluxo de Caixa'!$M6)
A8: Margem média | B8: =IFERROR(AVERAGE('Fluxo de Caixa'!$N$3:$N$102),0) | N8: =IF('Fluxo de Caixa'!$B7="","",'Fluxo de Caixa'!$B7) | O8: =IF('Fluxo de Caixa'!$B7="","",'Fluxo de Caixa'!$E7) | P8: =IF('Fluxo de Caixa'!$B7="","",'Fluxo de Caixa'!$F7+'Fluxo de Caixa'!$G7) | Q8: =IF('Fluxo de Caixa'!$B7="","",'Fluxo de Caixa'!$L7) | R8: =IF('Fluxo de Caixa'!$B7="","",'Fluxo de Caixa'!$M7)
A9: ROI | B9: =IFERROR('Dashboard'!$B$7/'Dashboard'!$B$4,0) | N9: =IF('Fluxo de Caixa'!$B8="","",'Fluxo de Caixa'!$B8) | O9: =IF('Fluxo de Caixa'!$B8="","",'Fluxo de Caixa'!$E8) | P9: =IF('Fluxo de Caixa'!$B8="","",'Fluxo de Caixa'!$F8+'Fluxo de Caixa'!$G8) | Q9: =IF('Fluxo de Caixa'!$B8="","",'Fluxo de Caixa'!$L8) | R9: =IF('Fluxo de Caixa'!$B8="","",'Fluxo de Caixa'!$M8)
A10: Ponto de equilíbrio mensal | B10: =IFERROR('Premissas'!$B$14/('Premissas'!$B$10-'Premissas'!$B$13),0) | N10: =IF('Fluxo de Caixa'!$B9="","",'Fluxo de Caixa'!$B9) | O10: =IF('Fluxo de Caixa'!$B9="","",'Fluxo de Caixa'!$E9) | P10: =IF('Fluxo de Caixa'!$B9="","",'Fluxo de Caixa'!$F9+'Fluxo de Caixa'!$G9) | Q10: =IF('Fluxo de Caixa'!$B9="","",'Fluxo de Caixa'!$L9) | R10: =IF('Fluxo de Caixa'!$B9="","",'Fluxo de Caixa'!$M9)
A11: Payback estimado | B11: =IFERROR(INDEX('Fluxo de Caixa'!$B$3:$B$102,MATCH(1,'Fluxo de Caixa'!$S$3:$S$102,0)),"Sem retorno no período") | N11: =IF('Fluxo de Caixa'!$B10="","",'Fluxo de Caixa'!$B10) | O11: =IF('Fluxo de Caixa'!$B10="","",'Fluxo de Caixa'!$E10) | P11: =IF('Fluxo de Caixa'!$B10="","",'Fluxo de Caixa'!$F10+'Fluxo de Caixa'!$G10) | Q11: =IF('Fluxo de Caixa'!$B10="","",'Fluxo de Caixa'!$L10) | R11: =IF('Fluxo de Caixa'!$B10="","",'Fluxo de Caixa'!$M10)
A12: Conclusão automática | B12: =IF('Dashboard'!$B$9>0.2,"Projeto viável",IF('Dashboard'!$B$9>=0,"Viabilidade moderada","Projeto inviável")) | N12: =IF('Fluxo de Caixa'!$B11="","",'Fluxo de Caixa'!$B11) | O12: =IF('Fluxo de Caixa'!$B11="","",'Fluxo de Caixa'!$E11) | P12: =IF('Fluxo de Caixa'!$B11="","",'Fluxo de Caixa'!$F11+'Fluxo de Caixa'!$G11) | Q12: =IF('Fluxo de Caixa'!$B11="","",'Fluxo de Caixa'!$L11) | R12: =IF('Fluxo de Caixa'!$B11="","",'Fluxo de Caixa'!$M11)
A13: Meses com fluxo positivo | B13: =COUNTIF('Fluxo de Caixa'!$O$3:$O$102,"Positivo") | N13: =IF('Fluxo de Caixa'!$B12="","",'Fluxo de Caixa'!$B12) | O13: =IF('Fluxo de Caixa'!$B12="","",'Fluxo de Caixa'!$E12) | P13: =IF('Fluxo de Caixa'!$B12="","",'Fluxo de Caixa'!$F12+'Fluxo de Caixa'!$G12) | Q13: =IF('Fluxo de Caixa'!$B12="","",'Fluxo de Caixa'!$L12) | R13: =IF('Fluxo de Caixa'!$B12="","",'Fluxo de Caixa'!$M12)
A14: Taxa mínima de atratividade | B14: ='Premissas'!$B$15 | N14: =IF('Fluxo de Caixa'!$B13="","",'Fluxo de Caixa'!$B13) | O14: =IF('Fluxo de Caixa'!$B13="","",'Fluxo de Caixa'!$E13) | P14: =IF('Fluxo de Caixa'!$B13="","",'Fluxo de Caixa'!$F13+'Fluxo de Caixa'!$G13) | Q14: =IF('Fluxo de Caixa'!$B13="","",'Fluxo de Caixa'!$L13) | R14: =IF('Fluxo de Caixa'!$B13="","",'Fluxo de Caixa'!$M13)
A15: Prazo de análise | B15: ='Premissas'!$B$17 | N15: =IF('Fluxo de Caixa'!$B14="","",'Fluxo de Caixa'!$B14) | O15: =IF('Fluxo de Caixa'!$B14="","",'Fluxo de Caixa'!$E14) | P15: =IF('Fluxo de Caixa'!$B14="","",'Fluxo de Caixa'!$F14+'Fluxo de Caixa'!$G14) | Q15: =IF('Fluxo de Caixa'!$B14="","",'Fluxo de Caixa'!$L14) | R15: =IF('Fluxo de Caixa'!$B14="","",'Fluxo de Caixa'!$M14)
N16: =IF('Fluxo de Caixa'!$B15="","",'Fluxo de Caixa'!$B15) | O16: =IF('Fluxo de Caixa'!$B15="","",'Fluxo de Caixa'!$E15) | P16: =IF('Fluxo de Caixa'!$B15="","",'Fluxo de Caixa'!$F15+'Fluxo de Caixa'!$G15) | Q16: =IF('Fluxo de Caixa'!$B15="","",'Fluxo de Caixa'!$L15) | R16: =IF('Fluxo de Caixa'!$B15="","",'Fluxo de Caixa'!$M15)
N17: =IF('Fluxo de Caixa'!$B16="","",'Fluxo de Caixa'!$B16) | O17: =IF('Fluxo de Caixa'!$B16="","",'Fluxo de Caixa'!$E16) | P17: =IF('Fluxo de Caixa'!$B16="","",'Fluxo de Caixa'!$F16+'Fluxo de Caixa'!$G16) | Q17: =IF('Fluxo de Caixa'!$B16="","",'Fluxo de Caixa'!$L16) | R17: =IF('Fluxo de Caixa'!$B16="","",'Fluxo de Caixa'!$M16)
N18: =IF('Fluxo de Caixa'!$B17="","",'Fluxo de Caixa'!$B17) | O18: =IF('Fluxo de Caixa'!$B17="","",'Fluxo de Caixa'!$E17) | P18: =IF('Fluxo de Caixa'!$B17="","",'Fluxo de Caixa'!$F17+'Fluxo de Caixa'!$G17) | Q18: =IF('Fluxo de Caixa'!$B17="","",'Fluxo de Caixa'!$L17) | R18: =IF('Fluxo de Caixa'!$B17="","",'Fluxo de Caixa'!$M17)
N19: =IF('Fluxo de Caixa'!$B18="","",'Fluxo de Caixa'!$B18) | O19: =IF('Fluxo de Caixa'!$B18="","",'Fluxo de Caixa'!$E18) | P19: =IF('Fluxo de Caixa'!$B18="","",'Fluxo de Caixa'!$F18+'Fluxo de Caixa'!$G18) | Q19: =IF('Fluxo de Caixa'!$B18="","",'Fluxo de Caixa'!$L18) | R19: =IF('Fluxo de Caixa'!$B18="","",'Fluxo de Caixa'!$M18)
N20: =IF('Fluxo de Caixa'!$B19="","",'Fluxo de Caixa'!$B19) | O20: =IF('Fluxo de Caixa'!$B19="","",'Fluxo de Caixa'!$E19) | P20: =IF('Fluxo de Caixa'!$B19="","",'Fluxo de Caixa'!$F19+'Fluxo de Caixa'!$G19) | Q20: =IF('Fluxo de Caixa'!$B19="","",'Fluxo de Caixa'!$L19) | R20: =IF('Fluxo de Caixa'!$B19="","",'Fluxo de Caixa'!$M19)
N21: =IF('Fluxo de Caixa'!$B20="","",'Fluxo de Caixa'!$B20) | O21: =IF('Fluxo de Caixa'!$B20="","",'Fluxo de Caixa'!$E20) | P21: =IF('Fluxo de Caixa'!$B20="","",'Fluxo de Caixa'!$F20+'Fluxo de Caixa'!$G20) | Q21: =IF('Fluxo de Caixa'!$B20="","",'Fluxo de Caixa'!$L20) | R21: =IF('Fluxo de Caixa'!$B20="","",'Fluxo de Caixa'!$M20)
N22: =IF('Fluxo de Caixa'!$B21="","",'Fluxo de Caixa'!$B21) | O22: =IF('Fluxo de Caixa'!$B21="","",'Fluxo de Caixa'!$E21) | P22: =IF('Fluxo de Caixa'!$B21="","",'Fluxo de Caixa'!$F21+'Fluxo de Caixa'!$G21) | Q22: =IF('Fluxo de Caixa'!$B21="","",'Fluxo de Caixa'!$L21) | R22: =IF('Fluxo de Caixa'!$B21="","",'Fluxo de Caixa'!$M21)
N23: =IF('Fluxo de Caixa'!$B22="","",'Fluxo de Caixa'!$B22) | O23: =IF('Fluxo de Caixa'!$B22="","",'Fluxo de Caixa'!$E22) | P23: =IF('Fluxo de Caixa'!$B22="","",'Fluxo de Caixa'!$F22+'Fluxo de Caixa'!$G22) | Q23: =IF('Fluxo de Caixa'!$B22="","",'Fluxo de Caixa'!$L22) | R23: =IF('Fluxo de Caixa'!$B22="","",'Fluxo de Caixa'!$M22)
N24: =IF('Fluxo de Caixa'!$B23="","",'Fluxo de Caixa'!$B23) | O24: =IF('Fluxo de Caixa'!$B23="","",'Fluxo de Caixa'!$E23) | P24: =IF('Fluxo de Caixa'!$B23="","",'Fluxo de Caixa'!$F23+'Fluxo de Caixa'!$G23) | Q24: =IF('Fluxo de Caixa'!$B23="","",'Fluxo de Caixa'!$L23) | R24: =IF('Fluxo de Caixa'!$B23="","",'Fluxo de Caixa'!$M23)
N25: =IF('Fluxo de Caixa'!$B24="","",'Fluxo de Caixa'!$B24) | O25: =IF('Fluxo de Caixa'!$B24="","",'Fluxo de Caixa'!$E24) | P25: =IF('Fluxo de Caixa'!$B24="","",'Fluxo de Caixa'!$F24+'Fluxo de Caixa'!$G24) | Q25: =IF('Fluxo de Caixa'!$B24="","",'Fluxo de Caixa'!$L24) | R25: =IF('Fluxo de Caixa'!$B24="","",'Fluxo de Caixa'!$M24)
N26: =IF('Fluxo de Caixa'!$B25="","",'Fluxo de Caixa'!$B25) | O26: =IF('Fluxo de Caixa'!$B25="","",'Fluxo de Caixa'!$E25) | P26: =IF('Fluxo de Caixa'!$B25="","",'Fluxo de Caixa'!$F25+'Fluxo de Caixa'!$G25) | Q26: =IF('Fluxo de Caixa'!$B25="","",'Fluxo de Caixa'!$L25) | R26: =IF('Fluxo de Caixa'!$B25="","",'Fluxo de Caixa'!$M25)
N27: =IF('Fluxo de Caixa'!$B26="","",'Fluxo de Caixa'!$B26) | O27: =IF('Fluxo de Caixa'!$B26="","",'Fluxo de Caixa'!$E26) | P27: =IF('Fluxo de Caixa'!$B26="","",'Fluxo de Caixa'!$F26+'Fluxo de Caixa'!$G26) | Q27: =IF('Fluxo de Caixa'!$B26="","",'Fluxo de Caixa'!$L26) | R27: =IF('Fluxo de Caixa'!$B26="","",'Fluxo de Caixa'!$M26)
... N103: =IF('Fluxo de Caixa'!$B102="","",'Fluxo de Caixa'!$B102) | O103: =IF('Fluxo de Caixa'!$B102="","",'Fluxo de Caixa'!$E102) | P103: =IF('Fluxo de Caixa'!$B102="","",'Fluxo de Caixa'!$F102+'Fluxo de Caixa'!$G102) | Q103: =IF('Fluxo de Caixa'!$B102="","",'Fluxo de Caixa'!$L102) | R103: =IF('Fluxo de Caixa'!$B102="","",'Fluxo de Caixa'!$M102)

Sheet Instruções
A1: Guia de Uso — Estudo de Viabilidade Econômica
A3: Aba | B3: Como utilizar | C3: Campos principais | D3: Orientação de planejamento
A4: Premissas | B4: Edite somente as células amarelas. Elas definem os valores-base da projeção. | C4: Preço médio, custos, crescimento, taxa de atratividade e prazo. | D4: Revise as premissas antes de avaliar o resultado final.
A5: Investimentos | B5: Cadastre ou ajuste os investimentos previstos. As colunas de categoria, total, status e percentual são automáticas. | C5: Código, item, fornecedor, quantidade, valor unitário e data prevista. | D5: Use o código INV para investimentos iniciais e acompanhe os itens pendentes.
A6: Fluxo de Caixa | B6: Informe datas, despesas adicionais e código base para novas linhas. Os demais cálculos são automáticos. | C6: Receita, custos, impostos, fluxo líquido, saldo acumulado e situação. | D6: As primeiras 10 linhas apresentam janeiro a outubro de 2026 como exemplo.
A7: Dashboard | B7: Consulte os indicadores e gráficos consolidados após atualizar as abas anteriores. | C7: ROI, payback, ponto de equilíbrio, margens e conclusão automática. | D7: Use a conclusão como apoio à decisão e valide as premissas com cenários alternativos.
A9: Checklist de revisão
A10: □ | B10: Confirmar se os investimentos incluem todos os itens necessários para iniciar a operação.
A11: □ | B11: Validar preço médio, volume de vendas e crescimento mensal estimado.
A12: □ | B12: Revisar custos fixos, custo variável por unidade e despesas adicionais.
A13: □ | B13: Analisar ROI, payback, ponto de equilíbrio e fluxo acumulado antes da decisão.
